 Dungeon Crawl Stone Soup version 0.29.0-11-gd7f09526c8 (webtiles) character file.

Game seed: 14392201957230755114

3454 Arcadio the Trooper (level 9, -2/118 HPs)
             Began as a Palentonga Fighter on Sept 6, 2022.
             Was a Follower of the Shining One.
             Slain by a killer bee (5 damage)
             ... on level 7 of the Dungeon.
             The game lasted 00:15:34 (7200 turns).

Arcadio the Trooper (Palentonga Fighter)            Turns: 7200, Time: 00:15:36

Health: -2/118     AC: 24    Str: 27    XL:     9   Next: 78%
Magic:  9/9        EV:  1    Int:  8    God:    the Shining One [*.....]
Gold:   305        SH:  5    Dex:  9    Spells: 8/8 levels left

rFire   . . .      SeeInvis +   a - +0 war axe
rCold   . . .      Faith    .   c - +0 buckler
rNeg    . . .      Spirit   .   (body armour currently unavailable)
rPois   +          Reflect  .   (helmet currently unavailable)
rElec   .          Harm     .   (cloak currently unavailable)
rCorr   .          Rampage  .   (gloves currently unavailable)
Will    .....      NoTele   +   (no barding)
Stlth   +.........              e - amulet of the acrobat
HPRegen 0.29/turn               E - ring of poison resistance
MPRegen 0.11/turn               (no ring)

@: tree-form, glowing
A: stationary, stasis, torment immunity, boosted hp, large, rugged brown scales
3, see invisible, (deformed body), (roll 1), (armoured tail), (reflexive curl)
a: Renounce Religion, Divine Shield


You were on level 7 of the Dungeon.
You worshipped the Shining One.
The Shining One was aware of your devotion.
You were a tree.
You visited 2 branches of the dungeon, and saw 8 of its levels.
You also visited: Ossuary.

You collected 305 gold pieces.

Inventory:

Hand Weapons
 a - a +0 war axe (weapon)
 s - a +3 hand axe of flaming
 x - a +3 battleaxe
Armour
 b - a +0 scale mail
 c - a +0 buckler (worn)
 m - the +1 helmet of the Bulwark (melded) {Harm rElec Str+10 Dex-4}
   (You found it on level 2 of the Dungeon)

   Str:       It affects your strength (+10).
   Dex:       It affects your dexterity (-4).
   rElec:     It insulates you from electricity.
   Harm:      It increases damage dealt and taken.
 r - a +1 cloak (melded)
 t - a +2 chain mail of cold resistance (melded)
Jewellery
 e - an amulet of the acrobat (around neck)
 p - a ring of fire
 E - a ring of poison resistance (left branch)
Wands
 H - a wand of digging (2)
Scrolls
 f - 5 scrolls of teleportation {unknown}
 g - 2 scrolls of amnesia {unknown}
 h - 3 scrolls of vulnerability {unknown}
 i - 2 scrolls of immolation
 j - a scroll of fear {unknown}
 o - 4 scrolls of magic mapping {unknown}
 u - 4 scrolls of blinking {unknown}
 v - a scroll of enchant armour {unknown}
 y - 2 scrolls of poison {unknown}
 z - 2 scrolls of torment {unknown}
 C - a scroll of fog {unknown}
 I - a scroll of identify
Potions
 d - a potion of might
 k - 5 potions of curing
 l - 2 potions of haste
 n - 2 potions of cancellation
 q - a potion of resistance
 w - a potion of invisibility
 A - 2 potions of brilliance
 B - a potion of mutation
 F - a potion of ambrosia {unknown}
 G - 2 potions of attraction {unknown}
 J - a potion of heal wounds {unknown}


   Skills:
 + Level 7.8 Fighting
 + Level 7.4 Axes
 + Level 6.5 Armour
 - Level 6.4 Shields


You had 8 spell levels left.
You didn't know any spells.
Your spell library contained the following spells:

 Spells                   Type           Power      Damage    Failure   Level
 Magic Dart               Conj           0%         1d3       45%         1
 Searing Ray              Conj           0%         2d4       61%         2
 Frozen Ramparts          Ice            0%         1d1       83%         3
 Ignite Poison            Fire/Tmut/Pois 0%         N/A       83%         3
 Mephitic Cloud           Conj/Pois/Air  0%         N/A       83%         3
 Cause Fear               Hex            0%         N/A       99%         4
 Fulminant Prism          Conj/Hex       0%         3d6       99%         4
 Ice Form                 Ice/Tmut       0%         N/A       99%         4
 Summon Ice Beast         Ice/Summ       0%         N/A       99%         4
 Freezing Cloud           Conj/Ice/Air   0%         6-21      100%        5
 Dragon Form              Tmut           0%         N/A       100%        7
 Dragon's Call            Summ           0%         N/A       100%        9


Dungeon Overview and Level Annotations

Branches:
Dungeon (7/15) Zot: 26911  Temple (1/1) D:4 Zot: 5971 Ossuary (visited)

Altars:
Ashenzari
Cheibriados
Dithmenos
Elyvilon
Fedhas
Gozag
Hepliaklqana
Nemelex Xobeh
Okawaru
Qazlal
Ru
Sif Muna
Trog
Uskayaw
Xom
Yredelemnul
Zin
The Shining One

Shops:
D:4 (=:

Annotations:
D:6 3 runed translucent doors, nmsoi's ghost, novice DsWn


Innate Abilities, Weirdness & Mutations

You are a tree.
Your roots penetrate the ground, keeping you stationary.
You cannot be teleported.
You are immune to unholy pain and torment.
Your maximum health is greatly increased.
Your equipment is partially melded.
(You are completely covered in rugged brown scales. (AC +3, +7% HP))
You have supernaturally acute eyesight. (SInv)
((Armour fits poorly on your strangely shaped body.))
((You can roll at nearby foes to attack.))
((You have a long armoured tail.))
((You curl defensively after being hit. (AC +7*)))


Message History

The killer bee stings you but does no damage.
The killer bee barely misses you.
The killer bee stings you but does no damage. x4
The killer bee closely misses you. The killer bee barely misses you.
The killer bee closely misses you. x3
The killer bee stings you but does no damage.
You barely miss the killer bee.
The killer bee is almost dead.
You hit the killer bee. You closely miss the killer bee.
You slash the killer bee!
You kill the killer bee!
You miss the killer bee.
The killer bee stings you but does no damage. x3
You block the killer bee's attack. The killer bee stings you.
* * * LOW HITPOINT WARNING * * *
The killer bee stings you but does no damage. x2
The killer bee stings you.
* * * LOW HITPOINT WARNING * * *
You feel better. The killer bee stings you!
* * * LOW HITPOINT WARNING * * *
The killer bee stings you.
* * * LOW HITPOINT WARNING * * *
The killer bee stings you but does no damage. x2
The killer bee stings you.
* * * LOW HITPOINT WARNING * * *
The killer bee stings you but does no damage. x3
Really quaff the potion of lignification?
You turn into a tree.
Your +1 cloak melds into your body.
The +1 helmet of the Bulwark {Harm rElec Str+10 Dex-4} melds into your body.
Your +2 chain mail of cold resistance melds into your body.
You feel less resistant to cold.
Your roots penetrate the ground.
You block the killer bee's attack.
The killer bee stings you but does no damage.
You block the killer bee's attack.
The killer bee stings you but does no damage.
The killer bee stings you.
* * * LOW HITPOINT WARNING * * *
The killer bee stings you but does no damage. x2
The killer bee stings you.
You die...

.######### ###
.........# ..####
>........# .....#
.........# .....#
.........# .....#
........##....#
#..y†.#....###
#..♣y.'.......
#..yy.#.......
#.....#.......
#.....#+##...#
#####+####+####.......#
###
...#..........#.......#
...#..........'.......#
...#..........#.......#
...#.......)..#.......#


You could see 4 killer bees.

Vanquished Creatures
  Pikel (D:6)
  Sigmund (D:2)
  A wyvern (D:5)
  A water moccasin (D:6)
  3 hornet zombies (Ossuary)
  An ice beast (D:7)
  A sky beast (D:7)
  4 ogres
  4 lemures (D:6)
  A centaur (D:7)
  A scorpion (D:5)
  A necrophage (D:4)
  2 water moccasin zombies (Ossuary)
  5 wights
  2 killer bees (D:7)
  3 bullfrog zombies (Ossuary)
  6 centaur zombies (Ossuary)
  4 jellies
  A gnoll bouda (D:6)
  An orc priest (D:3)
  Crazy Yiuf (D:2)
  2 hounds
  15 mummies (Ossuary)
  An iguana (D:5)
  Terence (D:1)
  2 orc wizards (D:3)
  A killer bee zombie (Ossuary)
  5 gnolls
  2 howler monkey zombies (D:6)
  6 adders
  2 shadow imps
  3 ufetubi (D:6)
  2 worms
  A dart slug (D:2)
  8 orcs
  2 ball pythons
  6 endoplasms
  3 giant cockroaches
  A goblin (D:1)
  6 hobgoblins
  2 jackals (D:4)
  6 quokkas
  7 bats
  3 frilled lizards
  4 kobolds
  10 rats
146 creatures vanquished.

Vanquished Creatures (others)
  4 fungi (D:5)
  7 withered plants (Ossuary)
11 creatures vanquished.

Grand Total: 157 creatures vanquished

Notes
Turn   | Place    | Note
-------+----------+-------------------------------------------
     0 | D:1      | Arcadio the Palentonga Fighter began the quest for the Orb.
     0 | D:1      | Reached XP level 1. HP: 19/19 MP: 1/1
   154 | D:1      | Reached XP level 2. HP: 25/25 MP: 2/2
   600 | D:1      | Reached XP level 3. HP: 3/31 MP: 3/3
   934 | D:1      | Found a faded altar of an unknown god.
  1383 | D:2      | Identified the +1 helmet of the Bulwark {Harm rElec Str+10
                  | Dex-4}
  1789 | D:2      | Found a runed translucent door.
  1790 | D:2      | Noticed Crazy Yiuf
  1861 | D:2      | Noticed Sigmund
  1869 | D:2      | Killed Sigmund
  1870 | D:2      | Reached XP level 4. HP: 14/39 MP: 4/4
  1870 | D:2      | Reached XP level 5. HP: 16/44 MP: 5/5
  2554 | D:2      | Killed Crazy Yiuf
  2629 | D:3      | Noticed Terence
  2660 | D:1      | Killed Terence
  2661 | D:1      | Reached XP level 6. HP: 23/51 MP: 6/6
  3427 | D:4      | Found a sand-covered staircase.
  3431 | D:4      | Found Irghot's Jewellery Shoppe.
  3438 | D:4      | Found Satienae's Book Boutique.
  3441 | Ossuary  | Entered an ossuary
  3563 | Ossuary  | Gained mutation: You curl defensively after being hit. (AC
                  | +7*) [Palentonga growth]
  3563 | Ossuary  | Reached XP level 7. HP: 31/58 MP: 7/7
  3587 | Ossuary  | Reached skill level 5 in Fighting
  3866 | Ossuary  | Reached skill level 5 in Axes
  3866 | Ossuary  | Reached skill level 5 in Shields
  3866 | Ossuary  | Reached XP level 8. HP: 44/67 MP: 8/8
  4602 | D:4      | Reached skill level 5 in Armour
  4785 | D:4      | Found a shimmering blue altar of Sif Muna.
  4801 | D:4      | Found a sacrificial altar of Ru.
  4857 | D:4      | Found Pestraemn's Antique Weapon Shoppe.
  4878 | D:4      | Found a snail-covered altar of Cheibriados.
  4964 | D:4      | Found a staircase to the Ecumenical Temple.
  4977 | Temple   | Entered the Ecumenical Temple
  4996 | Temple   | Became a worshipper of Elyvilon the Healer
  5105 | D:4      | Found a sparkling altar of Nemelex Xobeh.
  5243 | D:5      | Entered Level 5 of the Dungeon
  5323 | D:5      | Found a glowing golden altar of the Shining One.
  5393 | D:5      | Fell from the grace of Elyvilon
  5393 | D:5      | Became a worshipper of the Shining One
  5727 | D:5      | Found a stormy altar of Qazlal.
  5882 | D:5      | Found a hide-covered altar of Uskayaw.
  5936 | D:6      | Reached XP level 9. HP: 75/75 MP: 9/9
  6049 | D:6      | Noticed Pikel
  6102 | D:6      | Killed Pikel
  6756 | D:6      | Identified the +7 dagger "Ybauc" {vorpal, Will+ Dex+6}
  6781 | D:6      | Reached * piety under the Shining One
  6915 | D:6      | Found a runed translucent gate.
  6915 | D:6      | Found a runed translucent gate.
  6915 | D:6      | Found a runed translucent gate.
  6915 | D:6      | Noticed nmsoi's ghost (novice DsWn)
  6918 | D:6      | Found a basalt altar of Yredelemnul.
  7200 | D:7      | HP: 3/118 [killer bee (3)]
  7200 | D:7      | Slain by a killer bee

Illustrated notes

Levels and vault maps discovered:
D:1:      psy_arrival_conway, layout_basic, dilly_ecumenical_altar_fadedgnrine
D:2:      layout_loops_cross, uniq_sigmund, uniq_crazy_yiuf_cottage
D:3:      layout_rooms, uniq_terence
D:4:      layout_gridville, nemelex_spade_bored_becter,
          mainiacjoe_overflow_large_starburst, general_overflow_altar,
          minmay_temple_entry_sparse_star, nicolae_ossuary_entry_monument,
          serial_shops, shop_fountains, kennysheep_mini_moat, shop,
          hangedman_decor_points
D:5:      layout_cave_pools, tso_metal_star, mainiacjoe_overflow_alcove_4,
          nicolae_overflow_crystal_walls
D:6:      layout_rooms, nicolae_yredelemnul_ghost_church, uniq_pikel
D:7:      layout_gridville, uniq_menkaure
Temple:   hellmonk_temple_rainy

Skill      XL: |  1  2  3  4  5  6  7  8  9 |
---------------+----------------------------+-----
Shields        | 3 4 5 6 |  6.4
Fighting       | 4 5 6 7 |  7.8
Axes           | 3 4 5 6 7 |  7.4
Armour         | 3 4 5 6 |  6.5

Action                   |  1- 3 |  4- 6 |  7- 9 || total
-------------------------+-------+-------+-------++-------
Melee: War axe           |   104 |   122 |   283 ||   509
       Tailslap          |     8 |     9 |    36 ||    53
 Abil: Rolling Charge    |     3 |       |     9 ||    12
  Use: Scroll            |     3 |     1 |     5 ||     9
       Potion            |       |     1 |     6 ||     7
Armor: Scale mail        |    55 |    16 |       ||    71
       Chain mail        |       |    92 |   209 ||   301
       Skin              |       |       |     4 ||     4
Dodge: Dodged            |    78 |    64 |   152 ||   294
Block: Buckler           |    27 |    16 |    52 ||    95
